NWL (28 & UNDER)
CULVER CITY EXTRAS @ BALZAC RAMS
04/21/2023
 
TOP OF THE 1ST
Culver City Extras batting - Pitching for Balzac Rams : RHP Anthony Rigsby
Pitching: RHP Anthony Rigsby
Batting: LHB Alan Olson 0-0: Called Strike
0-1: Ball
1-1: Ground out 5-3 (Groundball, 5S)
Batting: RHB Sergio Pujols 0-0: Called Strike
0-1: Swinging Strike
0-2: Ball
1-2: Ball
2-2: Strikes out looking
Batting: LHB Tanyu Imai 0-0: Fly out, F7 (Popup, 56D)
Top of the 1st over - 0 run(s), 0 hit(s), 0 error(s), 0 left on base; Culver City 0 - Balzac 0
BOTTOM OF THE 1ST
Balzac Rams batting - Pitching for Culver City Extras : RHP Larry Stewart
Pitching: RHP Larry Stewart
Batting: RHB Eduardo García 0-0: Ground out 4-3 (Groundball, 4S)
Batting: LHB José Berroa 0-0: Called Strike
0-1: Ball
1-1: Swinging Strike
1-2: Ball
2-2: Strikes out swinging
Batting: LHB Frank Geddes 0-0: Ball
1-0: Ball
2-0: Ball
3-0: Base on Balls
Batting: SHB Chris Bennis 0-0: Ball
1-0: Foul Ball, location: 2F
1-1: Swinging Strike
1-2: Ball
2-2: Fly out, F7 (Flyball, 7S)
Bottom of the 1st over - 0 run(s), 0 hit(s), 0 error(s), 1 left on base; Culver City 0 - Balzac 0
TOP OF THE 2ND
Culver City Extras batting - Pitching for Balzac Rams : RHP Anthony Rigsby
Batting: RHB Ricardo Cabrera 0-0: Ball
1-0: Ball
2-0: Called Strike
2-1: Called Strike
2-2: Fly out, F9 (Popup, 9LS)
Batting: RHB António Rodríguez 0-0: Called Strike
0-1: Fly out, F9 (Flyball, 9S)
Batting: RHB Cal Rogers 0-0: Ball
1-0: Foul Ball, location: 2F
1-1: Ball
2-1: SINGLE (Groundball, 6MD)
Batting: RHB Axel Guimont 0-0: Swinging Strike
0-1: Called Strike
0-2: Ball
1-2: Foul Ball, location: 2F
1-2: Strikes out looking
Top of the 2nd over - 0 run(s), 1 hit(s), 0 error(s), 1 left on base; Culver City 0 - Balzac 0
BOTTOM OF THE 2ND
Balzac Rams batting - Pitching for Culver City Extras : RHP Larry Stewart
Batting: LHB Juan Carlos Sánchez 0-0: Ball
1-0: Ball
2-0: Ball
3-0: Called Strike
3-1: Base on Balls
Batting: RHB Josh Richardson 0-0: Ball
1-0: Ball
2-0: Called Strike
2-1: Foul Ball, location: 2F
2-2: Ball
Wild Pitch!
Juan Carlos Sánchez to second
3-2: Foul Ball, location: 2F
3-2: Foul Ball, location: 2F
3-2: DOUBLE (Line Drive, 7LD)
Juan Carlos Sánchez scores
Batting: LHB Ryan Drake 0-0: Ball
1-0: Ground out U3 (Groundball, 3S)
Josh Richardson to third
Batting: RHB Luis González 0-0: Called Strike
0-1: Fly out, F8 (Flyball, 89D)
Runner from 3rd tags up, SCORES, no throw
Batting: RHB Ramón Torres 0-0: Called Strike
0-1: Called Strike
0-2: Strikes out swinging
Bottom of the 2nd over - 2 run(s), 1 hit(s), 0 error(s), 0 left on base; Culver City 0 - Balzac 2
TOP OF THE 3RD
Culver City Extras batting - Pitching for Balzac Rams : RHP Anthony Rigsby
Batting: RHB Salvador Medine 0-0: Ball
1-0: Ground out 5-3 (Groundball, 5S)
Batting: RHB Francisco Rodríguez 0-0: Called Strike
0-1: Foul Ball, location: 2F
0-2: Foul Ball, location: 2F
0-2: Ball
1-2: Ball
2-2: Ground out U3 (Groundball, 3L)
Batting: LHB Alan Olson 0-0: Ball
1-0: Swinging Strike
1-1: Ground out 6-3 (Groundball, 6MS)
Top of the 3rd over - 0 run(s), 0 hit(s), 0 error(s), 0 left on base; Culver City 0 - Balzac 2
BOTTOM OF THE 3RD
Balzac Rams batting - Pitching for Culver City Extras : RHP Larry Stewart
Batting: RHB Eduardo García 0-0: Ball
1-0: Foul Ball, location: 2F
1-1: Ball
2-1: Ball
3-1: Called Strike
3-2: Foul Ball, location: 2F
3-2: DOUBLE (Line Drive, 78D)
Batting: LHB José Berroa 0-0: Foul Ball, location: 2F
0-1: Foul Ball, location: 2F
0-2: Ball
1-2: Foul Ball, location: 2F
1-2: Ball
2-2: DOUBLE (Line Drive, 5L)
Eduardo García scores
Batting: LHB Frank Geddes 0-0: Ball
1-0: Called Strike
1-1: Foul Ball, location: 2F
1-2: Ball
2-2: Foul Ball, location: 2F
2-2: Strikes out looking
Batting: SHB Chris Bennis 0-0: Ball
1-0: Swinging Strike
1-1: Foul Ball, location: 2F
1-2: Ball
2-2: Ground out U3 (Groundball, 3L)
José Berroa to third
Batting: LHB Juan Carlos Sánchez 0-0: Ball
1-0: Foul Ball, location: 2F
1-1: Ball
2-1: Ball
3-1: Foul Ball, location: 2F
3-2: SINGLE (Flyball, 6MD)
José Berroa scores
Batting: RHB Josh Richardson 0-0: Ball
1-0: Foul Ball, location: 2F
1-1: Foul Ball, location: 2F
1-2: Ball
2-2: Fielders Choice at 2nd, U6 (Groundball, 6M)
Bottom of the 3rd over - 2 run(s), 3 hit(s), 0 error(s), 1 left on base; Culver City 0 - Balzac 4
TOP OF THE 4TH
Culver City Extras batting - Pitching for Balzac Rams : RHP Anthony Rigsby
Batting: RHB Sergio Pujols 0-0: Ball
1-0: Called Strike
1-1: Ground out 5-3 (Groundball, 56S)
Batting: LHB Tanyu Imai 0-0: Ball
1-0: Called Strike
1-1: Foul Ball, location: 2F
1-2: Ball
2-2: Foul Ball, location: 2F
2-2: Foul Ball, location: 2F
2-2: Ground out 6-3 (Groundball, 6)
Batting: RHB Ricardo Cabrera 0-0: Called Strike
0-1: Ball
1-1: Foul Ball, location: 2F
1-2: Ball
2-2: Foul Ball, location: 2F
2-2: Ground out 6-3 (Groundball, 6)
Top of the 4th over - 0 run(s), 0 hit(s), 0 error(s), 0 left on base; Culver City 0 - Balzac 4
BOTTOM OF THE 4TH
Balzac Rams batting - Pitching for Culver City Extras : RHP Larry Stewart
Batting: LHB Ryan Drake 0-0: Ball
1-0: Called Strike
1-1: Called Strike
1-2: SINGLE (Groundball, 4M)
Batting: RHB Luis González 0-0: Called Strike
0-1: Ball
Pickoff Throw to First - Out!
1-1: Ball
2-1: Swinging Strike
2-2: Ground out 5-3 (Groundball, 5)
Batting: RHB Ramón Torres 0-0: Ball
1-0: Swinging Strike
1-1: Called Strike
1-2: Ball
2-2: Foul Ball, location: 2F
2-2: Foul Ball, location: 2F
2-2: Foul Ball, location: 2F
2-2: Ball
3-2: Strikes out swinging
Bottom of the 4th over - 0 run(s), 1 hit(s), 0 error(s), 0 left on base; Culver City 0 - Balzac 4
TOP OF THE 5TH
Culver City Extras batting - Pitching for Balzac Rams : RHP Anthony Rigsby
Batting: RHB António Rodríguez 0-0: Ball
1-0: Called Strike
1-1: Foul Ball, location: 2F
1-2: Ground out 4-3 (Groundball, 4)
Batting: RHB Cal Rogers 0-0: Ball
1-0: Ground out 6-3 (Groundball, 6)
Batting: RHB Axel Guimont 0-0: Called Strike
0-1: Called Strike
0-2: Ball
1-2: Ball
2-2: Ball
3-2: Base on Balls
Batting: RHB Salvador Medine 0-0: SINGLE (Groundball, 4MD)
Axel Guimont to second
Runner from 2nd tries for 3rd, SAFE, no throw or cutoff
Batting: RHB Francisco Rodríguez 0-0: Ball
1-0: Foul Ball, location: 2F
1-1: Ball
2-1: Ball
Wild Pitch!
Axel Guimont scores
Salvador Medine to second
3-1: Called Strike
3-2: Fly out, F7 (Flyball, 78S)
Top of the 5th over - 1 run(s), 1 hit(s), 0 error(s), 1 left on base; Culver City 1 - Balzac 4
BOTTOM OF THE 5TH
Balzac Rams batting - Pitching for Culver City Extras : RHP Larry Stewart
Pitching: RHP Jeff Lynn
Batting: RHB Eduardo García 0-0: Foul Ball, location: 2F
0-1: Called Strike
0-2: Strikes out swinging
Batting: LHB José Berroa 0-0: Called Strike
0-1: Ball
1-1: Swinging Strike
1-2: Strikes out looking
Batting: LHB Frank Geddes 0-0: Ball
1-0: Ground out U3 (Groundball, 3)
Bottom of the 5th over - 0 run(s), 0 hit(s), 0 error(s), 0 left on base; Culver City 1 - Balzac 4
TOP OF THE 6TH
Culver City Extras batting - Pitching for Balzac Rams : RHP Anthony Rigsby
Batting: LHB Alan Olson 0-0: Bunt missed!
0-1: Foul Ball, location: 2F
0-2: Strikes out swinging
Batting: RHB Sergio Pujols 0-0: Ball
1-0: Called Strike
1-1: Ball
2-1: Foul Ball, location: 2F
2-2: Strikes out looking
Batting: LHB Tanyu Imai 0-0: Ball
1-0: Ground out 4-3 (Groundball, 4)
Top of the 6th over - 0 run(s), 0 hit(s), 0 error(s), 0 left on base; Culver City 1 - Balzac 4
BOTTOM OF THE 6TH
Balzac Rams batting - Pitching for Culver City Extras : RHP Jeff Lynn
Batting: SHB Chris Bennis 0-0: Called Strike
0-1: Called Strike
0-2: Ball
1-2: SINGLE (Line Drive, 34)
Batting: LHB Juan Carlos Sánchez 0-0: Called Strike
0-1: Ball
1-1: Foul Ball, location: 2F
1-2: Ball
2-2: Grounds into double play, 4-6-3 (Groundball, 4)
Batting: RHB Josh Richardson 0-0: Ground out 6-3 (Groundball, 6)
Bottom of the 6th over - 0 run(s), 1 hit(s), 0 error(s), 0 left on base; Culver City 1 - Balzac 4
TOP OF THE 7TH
Culver City Extras batting - Pitching for Balzac Rams : RHP Anthony Rigsby
Batting: RHB Ricardo Cabrera 0-0: Called Strike
0-1: Ball
1-1: Ball
2-1: Ground out 5-3 (Groundball, 5)
Batting: RHB António Rodríguez 0-0: Called Strike
0-1: Swinging Strike
0-2: Ground out 5-3 (Groundball, 5S)
Batting: RHB Cal Rogers 0-0: Swinging Strike
0-1: Ball
1-1: Ball
2-1: Ball
3-1: Base on Balls
Batting: RHB Axel Guimont 0-0: Ball
1-0: Ball
2-0: Called Strike
2-1: Swinging Strike
2-2: Fly out, F7 (Flyball, 7M)
Top of the 7th over - 0 run(s), 0 hit(s), 0 error(s), 1 left on base; Culver City 1 - Balzac 4
BOTTOM OF THE 7TH
Balzac Rams batting - Pitching for Culver City Extras : RHP Jeff Lynn
Pitching: RHP Álex Villegas
Batting: LHB Ryan Drake 0-0: Ball
1-0: Called Strike
1-1: Foul Ball, location: 2F
1-2: Foul Ball, location: 2F
1-2: Ball
2-2: Ground out 3-1 (Groundball, 34)
Batting: RHB Luis González 0-0: Foul Ball, location: 2F
0-1: Ball
1-1: Ground out 5-3 (Groundball, 5S)
Batting: RHB Ramón Torres 0-0: Ball
1-0: Foul Ball, location: 2F
1-1: SINGLE (Groundball, 6M)
Batting: RHB Eduardo García 0-0: Ball
1-0: Swinging Strike
1-1: Ball
2-1: Fielders Choice at 2nd, U6 (Groundball, 6M)
Bottom of the 7th over - 0 run(s), 1 hit(s), 0 error(s), 1 left on base; Culver City 1 - Balzac 4
TOP OF THE 8TH
Culver City Extras batting - Pitching for Balzac Rams : RHP Anthony Rigsby
Pitching: RHP Carlos Bamber
Batting: RHB Salvador Medine 0-0: Foul Ball, location: 2F
0-1: Foul Ball, location: 2F
0-2: Ground out 5-3 (Groundball, 15S)
Batting: RHB Francisco Rodríguez 0-0: Ball
1-0: Ball
2-0: Fly out, F7 (Flyball, 7LSF)
Batting: LHB Alan Olson 0-0: Ball
1-0: Ball
2-0: Foul Ball, location: 2F
2-1: Ball
3-1: Fly out, F4 (Line Drive, 4)
Top of the 8th over - 0 run(s), 0 hit(s), 0 error(s), 0 left on base; Culver City 1 - Balzac 4
BOTTOM OF THE 8TH
Balzac Rams batting - Pitching for Culver City Extras : RHP Álex Villegas
Batting: LHB José Berroa 0-0: Foul Ball, location: 2F
0-1: Swinging Strike
0-2: Ball
1-2: Foul Ball, location: 2F
1-2: Ball
2-2: Foul Ball, location: 2F
2-2: Strikes out swinging
Batting: LHB Frank Geddes 0-0: Ball
1-0: Foul Ball, location: 2F
1-1: Foul Ball, location: 2F
1-2: Foul Ball, location: 2F
1-2: Foul Ball, location: 2F
1-2: Fly out, F7 (Line Drive, 7S)
Batting: SHB Chris Bennis 0-0: Ball
1-0: Foul Ball, location: 2F
1-1: Ball
2-1: Ball
3-1: Foul Ball, location: 2F
3-2: Foul Ball, location: 2F
3-2: Base on Balls
Pitching: RHP Dale Downs
Batting: LHB Juan Carlos Sánchez 0-0: Ball
1-0: Foul Ball, location: 2F
1-1: Swinging Strike
1-2: Ground out 4-3 (Groundball, 4)
Bottom of the 8th over - 0 run(s), 0 hit(s), 0 error(s), 1 left on base; Culver City 1 - Balzac 4
TOP OF THE 9TH
Culver City Extras batting - Pitching for Balzac Rams : RHP Carlos Bamber
Pitching: RHP Ron Henningar
Now in LF: William Wolf
Now in RF: Tomás Trinidad
Batting: RHB Sergio Pujols 0-0: Ball
1-0: Ball
2-0: Ball
3-0: Called Strike
3-1: DOUBLE (Line Drive, 89D)
Batting: LHB Tanyu Imai 0-0: Swinging Strike
0-1: TRIPLE (Groundball, 3L)
Sergio Pujols scores
Pinch Hitting: LHB Stan Bates 0-0: Ball
1-0: Called Strike
1-1: Foul Ball, location: 2F
1-2: Ball
2-2: Strikes out looking
Batting: RHB António Rodríguez 0-0: Ball
1-0: Ball
2-0: Ball
3-0: Called Strike
3-1: Foul Ball, location: 2F
3-2: SINGLE (Flyball, 7S)
Tanyu Imai scores
Pinch Runner at 1st Armando Pagán:
Pinch Hitting: RHB Mario López 0-0: Ball
1-0: Foul Ball, location: 2F
1-1: Ball
2-1: Foul Ball, location: 2F
2-2: Ball
3-2: Foul Ball, location: 2F
3-2: Grounds into double play, 6-4-3 (Groundball, 6)
Top of the 9th over - 2 run(s), 3 hit(s), 0 error(s), 0 left on base; Culver City 3 - Balzac 4
This league is powered by Out of the Park Baseball, the baseball management simulation game for PC, Mac and Linux
Wednesday, December 2nd, 2015 - OOTP Baseball 16.8 Build 38